 Dungeon Crawl Stone Soup version 0.28.0-53-g5a82cb258f (webtiles) character file.

Game seed: 931256323893227896

169894 KamiKatze the Severer (level 17, 0/168 HPs)
             Began as a Gargoyle Berserker on May 31, 2022.
             Was the Champion of Trog.
             Slain by a hornet (8 damage)
             ... created by a shambling mangrove
             ... on level 4 of the Swamp on June 3, 2022.
             The game lasted 01:56:41 (28327 turns).

KamiKatze the Severer (Gargoyle Berserker)         Turns: 28327, Time: 01:56:42

Health: 0/168      AC: 36    Str: 29    XL:     17   Next: 98%
Magic:  17/17      EV: 11    Int:  8    God:    Trog [******]
Gold:   1843       SH: 11    Dex:  9    Spells: 16/16 levels left

rFire   + . .      SeeInvis .   w - +2 broad axe (flame)
rCold   . . .      Faith    .   o - +0 kite shield
rNeg    + . .      Spirit   .   N - +0 chain mail of Inviolability {Regen+}
rPois   ∞          Reflect  .   (no helmet)
rElec   +          Harm     .   B - +2 cloak {rPois}
rCorr   .          Rampage  .   k - +2 pair of gloves {hurl}
Will    ++...                   Z - +2 pair of boots {Stlth+}
Stlth   ..........              J - amulet of regeneration
HPRegen 1.98/turn               q - ring of willpower
MPRegen 0.15/turn               U - ring of protection from fire

@: berserking, flying, slowed, studying Shields
A: sickness immunity, AC +12, big wings, negative energy resistance 1,
electricity resistance, torment resistance 1, petrification resistance
a: Renounce Religion, Berserk, Trog's Hand, Brothers in Arms


You were on level 4 of the Swamp.
You worshipped Trog.
Trog was exalted by your worship.
You visited 6 branches of the dungeon, and saw 29 of its levels.
You visited the Abyss 1 time.
You also visited: Ossuary and Gauntlet.

You collected 3222 gold pieces.
You spent 1379 gold pieces at shops.

Inventory:

Hand Weapons
 a - a +1 vampiric war axe
 b - a +5 war axe of freezing
 h - a +5 battleaxe
 w - a +2 broad axe of flaming (weapon)
Missiles
 e - 58 poisoned darts (quivered)
 f - 125 stones
 j - a throwing net
 A - 6 curare-tipped darts
Armour
 k - a +2 pair of gloves of hurling (worn)
 o - a +0 kite shield (worn)
 B - a +2 cloak of poison resistance (worn)
 G - the +1 ice dragon scales of Kunept {rPois rF- rC++ rN+}
   (You found it on level 6 of the Dungeon)

   rF:        It makes you vulnerable to fire.
   rC:        It greatly protects you from cold.
   rPois:     It protects you from poison.
   rN:        It protects you from negative energy.
 H - +0 fire dragon scales
 N - the +0 chain mail of Inviolability (worn) {Regen+}
   (You bought it in a shop on level 2 of the Orcish Mines)

   Regen:     It increases your rate of health regeneration.
 Z - a +2 pair of boots of stealth (worn)
Jewellery
 q - a ring of willpower (left hand)
 J - an amulet of regeneration (around neck)
 R - a ring of protection from fire
 U - a ring of protection from fire (right hand)
Wands
 g - a wand of charming (9)
 I - a wand of flame (59)
 O - a wand of digging (20)
 S - a wand of paralysis (11)
 T - a wand of iceblast (3)
 V - a wand of polymorph (4)
 X - a wand of acid (7)
 Y - a wand of mindburst (8)
Scrolls
 i - a scroll of summoning
 l - 3 scrolls of holy word
 r - 4 scrolls of vulnerability
 x - 3 scrolls of torment
 y - 19 scrolls of teleportation
 C - a scroll of magic mapping
 D - 4 scrolls of blinking
 E - 8 scrolls of fog
 F - 6 scrolls of identify
 M - a scroll of silence
 P - a scroll of enchant weapon
 Q - 2 scrolls of enchant armour
Potions
 c - 3 potions of lignification
 d - 4 potions of haste
 m - 7 potions of curing
 n - 3 potions of ambrosia
 p - 2 potions of might
 s - a potion of cancellation
 t - 3 potions of resistance
 u - 5 potions of attraction
 K - 3 potions of berserk rage
 L - a potion of magic
 W - a potion of heal wounds
Miscellaneous
 v - a box of beasts
 z - a condenser vane


   Skills:
 + Level 14.5 Fighting
 * Level 19.0 Axes
 + Level 14.3 Armour
 + Level 11.3 Dodging
 + Level 12.8 Shields
 - Level 3.0 Evocations


You had 16 spell levels left.
You didn't know any spells.
Your spell library was empty.

Dungeon Overview and Level Annotations

Branches:
Dungeon (15/15)            Temple (1/1) D:4            Lair (6/6) D:8
  Swamp (4/4) Lair:4        Snake (0/4) Lair:4        Slime (0/5) Lair:5
    Orc (2/2) D:12            Elf (0/3) Orc:2        Vaults (0/5) D:13
 Depths (1/4) D:15        Ossuary (visited)         Gauntlet (visited)

Altars:
Ashenzari
Cheibriados
Dithmenos
Elyvilon
Fedhas
Gozag
Hepliaklqana
Kikubaaqudgha
Makhleb
Nemelex Xobeh
Okawaru
Qazlal
Ru
Sif Muna
Trog
Uskayaw
Vehumet
Wu Jian
Xom
Yredelemnul
Zin
The Shining One
Beogh
Jiyva

Shops:
D:6 **   D:15 *   Orc:2 (*=[:

Annotations:
D:3 2 transporters
Lair:3 2 transporters, Irhican's ghost, journeyman MiBe
Lair:5 1 runed translucent door, exclusion: door
Swamp:2 2 transporters, LordBelias's ghost, adept GnWn


Innate Abilities, Weirdness & Mutations

You are immune to sickness and miasma.
Your stone body is resilient. (AC +12)
You are immune to poison.
Your large and strong wings let you fly.
You resist negative energy. (rN+)
You are resistant to electric shocks. (rElec)
You are resistant to unholy torment.
You are immune to petrification.


Message History

The hornet stings you but does no damage.
The hornet closely misses you.
You block the shambling mangrove's attack.
The grasping roots constrict you.
You slice the shambling mangrove!! You burn the shambling mangrove!
You destroy the shambling mangrove!
Trog accepts your kill.
You barely miss the hornet. You closely miss the hornet. You slash the hornet!
You burn the hornet.
The hornet stings you but does no damage.
You block the hornet's attack.
The hornet stings you but does no damage.
The hornet closely misses you.
You closely miss the hornet. You slash the hornet! You burn the hornet.
You kill the hornet!
Trog accepts your kill.
You slice the hornet!! You burn the hornet.
You feel the power of Trog in you as your rage grows.
You kill the hornet!
Trog accepts your kill.
You barely miss the hornet. The hornet barely misses you.
The hornet stings you but does no damage.
The hornet barely misses you.
The hornet stings you but does no damage.
You slash the hornet! You burn the hornet.
The hornet is moderately wounded.
You hit the hornet but do no damage.
The hornet stings you but does no damage. x2
Unknown command.
You slice the hornet!! You burn the hornet.
The hornet is almost dead.
You barely miss the hornet. The hornet stings you.
* * * LOW HITPOINT WARNING * * *
The hornet stings you.
* * * LOW HITPOINT WARNING * * *
You slash the hornet! You burn the hornet.
The hornet is severely wounded.
You closely miss the hornet. The hornet barely misses you.
The hornet stings you!
You die...

♣♣♣♣ ♣♣... ♣.≈≈.
♣≈≈≈≈ ## ♣♣.≈≈≈
##### ##≈##
♣♣♣≈≈≈≈≈
##.≈.###≈≈≈##
♣≈.≈≈≈≈÷
#≈...≈≈y@†$?#
♣♣.≈≈≈..≈
#§†#≈≈.y[≈≈(#
♣.≈≈≈..)≈
#)#####.§≈..#
♣♣♣.≈≈≈...≈
##.≈≈§.##.≈.##
♣.≈≈≈≈≈..<.
#...†≈≈.##≈♣#
♣.≈≈≈≈≈≈≈≈.
#≈.≈≈###≈.###
♣≈≈≈≈≈≈≈≈§. #≈.###
##≈.## ♣.≈≈...♣...
#≈≈
##.≈###♣♣♣♣♣.≈..≈.<
#♣.
#.≈§≈≈≈..♣♣...≈♣♣.


You could see 2 hornets.

Vanquished Creatures
  Saint Roka (Orc:2)
  A tengu reaver (D:10)
  A fenstrider witch (Swamp:3)
  2 orc warlords
  2 ghouls (Swamp:1)
  An eleionoma (Swamp:4)
  4 bunyips
  A dire elephant (Lair:6)
  A minotaur (Gauntlet)
  2 shambling mangroves (Swamp:4)
  A great orb of eyes (Depths:1)
  23 hydras
  A spriggan air mage (Swamp:3)
  5 boulder beetles
  3 centaur warriors
  3 catoblepae
  2 ghost crabs (Swamp:3)
  2 dancing weapons
  A tengu warrior (D:14)
  15 alligators
  4 two-headed ogres
  A death knight (D:14)
  2 orc high priests (Orc:2)
  19 death yaks
  A thrashing horror (Gauntlet)
  Nergalle (Orc:2)
  5 skeletal warriors (D:14)
  A fire crab (Lair:4)
  7 goliath frogs
  7 spriggan druids
  3 lindwurms (Lair:6)
  7 swamp dragons
  4 orc knights
  2 wizards
  A deep elf archer (D:14)
  3 large abominations (Gauntlet)
  5 bog bodies
  8 orc sorcerers
  A deep elf zephyrmancer (D:14)
  A necromancer (D:15)
  4 deep elf pyromancers
  19 ugly things
  3 manticores
  A salamander (shapeshifter) (D:14)
  2 cyclopes
  2 will-o-the-wisps (Swamp:3)
  9 black mambas
  13 elephants
  2 gargoyles
  2 torpor snails
  A smoke demon (Abyss:1)
  12 cane toads
  7 rime drakes
  A centaur skeleton (D:15)
  15 komodo dragons
  9 hornets
  4 polar bears
  9 trolls
  13 tyrant leeches
  16 blink frogs
  2 dream sheep (Lair:6)
  A meliai zombie (D:11)
  9 slime creatures
  3 centaur simulacra
  12 spriggans
  A shadow (D:13)
  A vampire (D:10)
  5 water elementals
  66 yaks
  4 wyverns
  3 basilisks
  A wraith (D:11)
  A basilisk (shapeshifter) (D:14)
  20 vampire mosquitoes
  15 swamp worms
  4 wargs (Orc:2)
  12 small abominations (Gauntlet)
  5 nagas (Lair:4)
  An acid dragon (D:10)
  11 water moccasins
  2 ice beasts
  42 orc warriors
  A meliai simulacrum (D:15)
  7 swamp drakes
  3 black bears
  2 necrophages
  22 wolves
  10 ogres
  15 centaurs
  2 kobold brigands
  19 bullfrogs
  3 gnoll sergeants
  10 scorpions
  A wyvern zombie (D:7)
  A water moccasin zombie (D:6)
  A hornet simulacrum (D:15)
  6 killer bees
  10 wights
  10 howler monkeys
  5 electric eels
  4 centaur zombies
  A jelly (D:8)
  3 human zombies (Ossuary)
  Crazy Yiuf (D:5)
  A gnoll shaman (D:7)
  20 orc priests
  A bullfrog skeleton (D:5)
  4 iguanas
  32 orc wizards
  2 scorpion zombies (Ossuary)
  3 mummies (Ossuary)
  2 howler monkey zombies
  20 gnolls
  2 howler monkey skeletons
  8 adders
  A shadow imp (D:7)
  2 white imps
  An ufetubus (D:5)
  A worm (D:3)
  74 orcs
  3 bats
  5 endoplasms
  2 giant cockroaches (D:3)
  2 hobgoblins
  12 jackals
  10 kobolds
  2 quokkas
  8 ball pythons
  A frilled lizard (D:2)
  5 gnoll zombies (Ossuary)
  5 goblins
  2 goblin zombies (Ossuary)
  A hobgoblin zombie (Ossuary)
  4 kobold zombies (Ossuary)
  2 orc zombies (Ossuary)
  7 rats
  A bush (D:10)
  A butterfly (Lair:3)
904 creatures vanquished.

Vanquished Creatures (collateral kills)
  Agnes (D:14)
  A deep elf archer (D:14)
  An orc knight (Orc:2)
  An orc sorcerer (Orc:2)
  4 orc warriors (Orc:2)
8 creatures vanquished.

Vanquished Creatures (others)
  A shadow (D:12)
  A spriggan (Swamp:4)
  8 foxfires
  61 fungi
  113 plants
  13 withered plants (Gauntlet)
197 creatures vanquished.

Grand Total: 1109 creatures vanquished

Notes
Turn   | Place    | Note
-------+----------+-------------------------------------------
     0 | D:1      | KamiKatze the Gargoyle Berserker began the quest for the
                  | Orb.
     0 | D:1      | Reached XP level 1. HP: 14/14 MP: 1/1
    45 | D:1      | Noticed an orc warrior
    45 | D:1      | Noticed an orc priest
   679 | D:1      | Reached XP level 2. HP: 19/19 MP: 2/2
   705 | D:1      | Found a faded altar of an unknown god.
  1565 | D:2      | Reached skill level 3 in Axes
  1567 | D:2      | Reached XP level 3. HP: 20/23 MP: 3/3
  2440 | D:3      | Reached XP level 4. HP: 29/29 MP: 4/4
  2646 | D:3      | Found a transporter.
  2651 | D:3      | Noticed a kobold demonologist
  2680 | D:3      | Reached skill level 4 in Axes
  2683 | D:3      | Found a transporter.
  2767 | D:3      | Reached XP level 5. HP: 23/33 MP: 5/5
  2964 | D:4      | Found a staircase to the Ecumenical Temple.
  3007 | D:4      | Found a sand-covered staircase.
  3014 | Ossuary  | Entered an ossuary
  3119 | Ossuary  | Reached skill level 5 in Axes
  3119 | Ossuary  | Reached XP level 6. HP: 23/38 MP: 6/6
  3136 | Ossuary  | Reached ** piety under Trog
  3347 | Ossuary  | Reached skill level 6 in Axes
  3394 | Ossuary  | Reached XP level 7. HP: 43/43 MP: 7/7
  3577 | Ossuary  | Reached skill level 7 in Axes
  4147 | D:4      | Reached XP level 8. HP: 48/48 MP: 8/8
  4405 | D:4      | Reached skill level 8 in Axes
  4605 | D:5      | Entered Level 5 of the Dungeon
  4760 | Temple   | Entered the Ecumenical Temple
  5149 | D:5      | Reached skill level 9 in Axes
  5156 | D:5      | Found a broken altar of Ashenzari.
  5173 | D:5      | Found a sparkling altar of Nemelex Xobeh.
  5175 | D:5      | Found a shadowy altar of Dithmenos.
  5416 | D:5      | Found a runed translucent door.
  5417 | D:5      | Noticed Crazy Yiuf
  5468 | D:5      | Killed Crazy Yiuf
  5806 | D:6      | Reached skill level 10 in Axes
  5902 | D:6      | Reached XP level 9. HP: 49/52 MP: 9/9
  5977 | D:6      | Reached skill level 1 in Shields
  6195 | D:6      | Found a blossoming altar of Fedhas.
  6224 | D:6      | Found a shimmering blue altar of Sif Muna.
  6280 | D:6      | Found Xethrir's Specific Store.
  6283 | D:6      | Found Abriyn's General Store.
  6292 | D:6      | Bought a scroll of magic mapping for 45 gold pieces
  6292 | D:6      | Bought a scroll of blinking for 97 gold pieces
  6362 | D:6      | Found a stormy altar of Qazlal.
  6362 | D:6      | Noticed a two-headed ogre
  6389 | D:6      | Killed a two-headed ogre
  6390 | D:6      | Reached skill level 5 in Fighting
  6447 | D:6      | Found a glowing golden altar of the Shining One.
  6447 | D:6      | Found a radiant altar of Vehumet.
  6449 | D:6      | Found a snail-covered altar of Cheibriados.
  6449 | D:6      | Found a blossoming altar of Fedhas.
  6449 | D:6      | Found a shimmering altar of Xom.
  6488 | D:6      | Found a glowing golden altar of the Shining One.
  6610 | D:6      | Identified the +1 ice dragon scales of Kunept {rPois rF-
                  | rC++ rN+}
  7010 | D:7      | Reached *** piety under Trog
  7082 | D:7      | Reached skill level 11 in Axes
  7082 | D:7      | Reached XP level 10. HP: 50/60 MP: 10/10
  7086 | D:7      | Reached skill level 5 in Armour
  8158 | D:8      | Found a staircase to the Lair.
  8687 | D:9      | Reached **** piety under Trog
  8688 | D:9      | Reached skill level 5 in Shields
  8730 | D:9      | Reached XP level 11. HP: 60/66 MP: 11/11
  8771 | D:9      | Found an opulent altar of Gozag.
  8835 | D:9      | Noticed a two-headed ogre
  8843 | D:9      | Killed a two-headed ogre
  8844 | D:9      | Reached skill level 12 in Axes
  8844 | D:9      | Reached skill level 1 in Evocations
  9241 | D:10     | Entered Level 10 of the Dungeon
  9705 | D:10     | Identified the ring "Kineventynt" {rElec rPois rF+ MP+9
                  | Str-4}
  9841 | D:10     | Noticed a deep elf pyromancer
  9884 | D:10     | Killed a deep elf pyromancer
 10004 | D:10     | Noticed a tengu reaver
 10172 | Lair:1   | Entered Level 1 of the Lair of Beasts
 10221 | Lair:1   | Noticed an eight-headed hydra
 10255 | Lair:1   | Killed an eight-headed hydra
 10356 | Lair:1   | Reached skill level 5 in Dodging
 10429 | Lair:1   | Noticed a boulder beetle
 10441 | Lair:1   | Killed a boulder beetle
 11027 | Lair:2   | Reached XP level 12. HP: 28/73 MP: 12/12
 11302 | Lair:2   | Reached skill level 13 in Axes
 12498 | Lair:3   | Reached ***** piety under Trog
 12623 | Lair:3   | Noticed a death yak
 12623 | Lair:3   | Noticed a death yak
 12623 | Lair:3   | Noticed a death yak
 12678 | Lair:3   | Killed a death yak
 12685 | Lair:3   | Killed a death yak
 12692 | Lair:3   | Killed a death yak
 12784 | Lair:3   | Noticed a six-headed hydra
 12837 | Lair:2   | Killed a six-headed hydra
 12838 | Lair:2   | Reached XP level 13. HP: 80/80 MP: 13/13
 12939 | Lair:3   | Reached skill level 14 in Axes
 13128 | Lair:3   | Noticed Irhican's ghost (journeyman MiBe)
 13134 | Lair:3   | Found a transporter.
 13137 | Lair:3   | Found a transporter.
 13710 | Lair:4   | Found a staircase to the Swamp.
 13972 | Lair:4   | Reached skill level 10 in Fighting
 14153 | Lair:4   | Received a gift from Trog
 14226 | Lair:4   | Identified the +1 scale mail of Repong {Regen+}
 14432 | Lair:4   | Found a staircase to the Snake Pit.
 14728 | Lair:4   | Reached skill level 10 in Armour
 14737 | Lair:4   | Gained mutation: Your large and strong wings let you fly.
                  | [Gargoyle growth]
 14737 | Lair:4   | Reached XP level 14. HP: 25/88 MP: 14/14
 15036 | Lair:5   | Reached skill level 15 in Axes
 15371 | Lair:5   | Found a runed translucent door.
 15372 | Lair:5   | Found a viscous altar of Jiyva.
 15372 | Lair:5   | Noticed an acid blob
 15373 | Lair:5   | Noticed an acid blob
 15374 | Lair:5   | Found a staircase to the Slime Pits.
 15924 | Lair:6   | Entered Level 6 of the Lair of Beasts
 16277 | Lair:6   | Reached skill level 10 in Shields
 16445 | Lair:6   | Received a gift from Trog
 16746 | Lair:6   | Noticed a dire elephant
 16762 | Lair:6   | Killed a dire elephant
 16986 | Lair:6   | Reached XP level 15. HP: 95/95 MP: 15/15
 17004 | Lair:6   | Reached skill level 16 in Axes
 17492 | D:10     | Identified the +8 mace of Caumij {venom, rElec Dex+2}
 17563 | D:10     | Killed a tengu reaver
 17946 | D:11     | Cast into level 1 of the Abyss (orc wizard)
 17988 | D:11     | Escaped the Abyss
 18617 | D:12     | You are sucked into a shaft and drop 2 floors!
 18670 | D:14     | Found a gate leading to a gauntlet.
 18681 | Gauntlet | Entered a Gauntlet
 18681 | Gauntlet | Found a transporter.
 18681 | Gauntlet | Found a transporter.
 18689 | Gauntlet | Found a transporter.
 18704 | Gauntlet | Found a transporter.
 18708 | Gauntlet | Noticed a cacodemon
 18722 | Gauntlet | Found a transporter.
 18736 | Gauntlet | Found a transporter.
 18756 | Gauntlet | Found a transporter.
 18854 | Gauntlet | Found a transporter.
 18872 | Gauntlet | Found a transporter.
 18886 | Gauntlet | Found a transporter.
 18910 | Gauntlet | Found a transporter.
 18939 | Gauntlet | Found a transporter.
 18957 | Gauntlet | Found a transporter.
 18970 | Gauntlet | Found a transporter.
 19013 | Gauntlet | Found a transporter.
 19031 | Gauntlet | Found a transporter.
 19154 | Gauntlet | Received a gift from Trog
 19249 | Gauntlet | Identified the amulet of Vowilin {Faith Contam rN+ Regen+
                  | Dex+4}
 19493 | D:14     | Noticed Agnes
 19498 | D:14     | Killed Agnes
 19538 | D:14     | Identified the +1 leather armour "Fogav" {rPois}
 19721 | D:14     | Found a hazy altar of Hepliaklqana.
 19838 | D:14     | HP: 4/97 [deep elf archer/arrow (23)]
 19838 | D:14     | HP: 1/97 [deep elf archer/arrow (3)]
 20103 | D:14     | Reached skill level 17 in Axes
 20267 | D:14     | Received a gift from Trog
 20471 | D:14     | Reached XP level 16. HP: 102/103 MP: 16/16
 20679 | D:13     | Found a gate to the Vaults.
 20888 | D:12     | Found a staircase to the Orcish Mines.
 22227 | Orc:1    | Entered Level 1 of the Orcish Mines
 22308 | Orc:1    | You are sucked into a shaft and drop 1 floor!
 22308 | Orc:2    | Entered Level 2 of the Orcish Mines
 22308 | Orc:2    | Noticed Saint Roka
 22308 | Orc:2    | Found Wonk's Jewellery Shoppe.
 22309 | Orc:2    | Noticed Nergalle
 22496 | Orc:2    | Reached skill level 10 in Dodging
 22507 | Orc:1    | Received a gift from Trog
 22654 | Orc:2    | Found a staircase to the Elven Halls.
 22914 | Orc:2    | Found Juwkac's Self-Improvement Boutique.
 23274 | Orc:2    | Killed Saint Roka
 23531 | Orc:2    | Found Yghorgh's Antique Armour Shoppe.
 23542 | Orc:2    | Killed Nergalle
 23683 | Orc:2    | Found Xuufamee's Antique Weapon Shoppe.
 23768 | Orc:2    | Found Omao's General Store.
 23774 | Orc:2    | Bought a scroll of magic mapping for 49 gold pieces
 23926 | D:15     | Entered Level 15 of the Dungeon
 23972 | D:15     | Found Yrukoda's General Store.
 24307 | D:15     | Found a staircase to the Depths.
 24558 | Depths:1 | Entered Level 1 of the Depths
 24565 | Depths:1 | Reached ****** piety under Trog
 24696 | Orc:2    | Bought a smoking chain mail for 199 gold pieces
 24696 | Orc:2    | Identified the +0 chain mail of Inviolability {Regen+} (You
                  | bought it in a shop on level 2 of the Orcish Mines)
 24715 | Orc:2    | Bought a spiked scale mail for 189 gold pieces
 24715 | Orc:2    | Identified the +0 scale mail of the Sun {Regen+ Int+6
                  | Stlth+} (You bought it in a shop on level 2 of the Orcish
                  | Mines)
 24757 | Orc:2    | Bought a manual of Shields for 800 gold pieces
 24997 | Swamp:1  | Entered Level 1 of the Swamp
 25020 | Swamp:1  | Reached skill level 18 in Axes
 25024 | Swamp:1  | Received a gift from Trog
 25408 | Lair:4   | Reached XP level 17. HP: 74/110 MP: 17/17
 26289 | Swamp:2  | Found a transporter.
 26292 | Swamp:2  | Found a transporter.
 26292 | Swamp:2  | Noticed a tentacled monstrosity
 26292 | Swamp:2  | Noticed LordBelias's ghost (adept GnWn)
 26293 | Swamp:2  | Noticed a tentacled monstrosity
 26740 | Swamp:3  | Identified the +1 scale mail "Joad" {*Corrode Drain Int+4
                  | SInv}
 27291 | Swamp:4  | Entered Level 4 of the Swamp
 28292 | Swamp:4  | Received a gift from Trog
 28314 | Swamp:4  | Reached skill level 19 in Axes
 28321 | Swamp:4  | HP: 6/168 [shambling mangrove (22)]
 28326 | Swamp:4  | HP: 7/168 [hornet[a shambling mangrove] (6)]
 28327 | Swamp:4  | Slain by a hornet

Illustrated notes

Levels and vault maps discovered:
D:1:      erik_arrival_cave_to_civilisation [erik_arrival_cave_to_temple],
          layout_basic, shapermc_ecumenical_altar_petra
D:2:      layout_loops_corners
D:3:      gammafunk_wand_slinger, layout_basic
D:4:      layout_rooms, minmay_temple_entry_statues_pillars, enter_ossuary_5
D:5:      layout_rooms, gammafunk_temple_overflow_forgotten,
          uniq_crazy_yiuf_cottage
D:6:      layout_basic, nicolae_overflow_squiral, kennysheep_little_box,
          doesnt_xom_only_xom, nicolae_specific_store
D:7:      layout_basic, chequers_serial_rivers_micro_e, grunt_ministairs_13
D:8:      layout_cave_pools, due_lair_maze_entry_diamond
D:9:      layout_roguey, mainiacjoe_overflow_catwalk, serial_curves,
          eino_curves_01, eino_curves_01
D:10:     wad_statue_garden, layout_loops_ring, chequers_serial_rivers_micro_a
D:11:     layout_loops_ring, chequers_serial_rivers_micro_b,
          minmay_misc_feat_more_columns
D:12:     layout_basic, orc_0_dummy
D:13:     layout_irregular_city, erik_vaults_1
D:14:     layout_roguey, special_room [special_room_orc], minmay_fountain_box,
          gauntlet_entry_generic, nicolae_hepliaklqana_hazy_memory, uniq_agnes
D:15:     grunt_enter_depths_magical_seal, layout_basic, serial_shops, shop
Temple:   eino_narrow_crystal_temple
Lair:1:   layout_long_grid, grunt_forest_small_clearings, nzn_sisyphean_effort,
          grunt_megastairs_3, infiniplex_staircase_pool
Lair:2:   layout_cave_pods
Lair:3:   layout_loops_ring, gammafunk_ghost_arena, ldierk_geyser,
          cheibrodos_lair_lostbears, lemuel_fruit_fields
Lair:4:   layout_regular_city, swamp_mist, minmay_snake_entry_guardpost_medium,
          nzn_random_ring, grunt_megastairs_1, serial_bayou_shore_b
Lair:5:   layout_loops_ring, slime_altar_2
Lair:6:   hangedman_lair_in_review, layout_gridlike
Swamp:1:  layout_basic_swamp, evilmike_swamp_ruin_house_1
Swamp:2:  layout_basic_swamp, gammafunk_ghost_arena, serial_swamp_ruin,
          evilmike_swamp_ruin_rubble_2, evilmike_swamp_ruin_house_3,
          hangedman_swamp_ruin_hall
Swamp:3:  layout_basic_swamp, nicolae_swamp_tree_designs
Swamp:4:  swamp_basic_johnstein, layout_basic_swamp, swamp_pool4,
          nicolae_swamp_some_circles
Orc:1:    layout_diamond_mine
Orc:2:    grunt_orc_cross, layout_caves, nicolae_shop_self_help
Depths:1: minmay_coctagon, layout_cave_pools, grunt_hell_entry_dis_old,
          rand_demon_pan_entry_5, nicolae_shop_overcharged_wands

Skill      XL: |  1  2  3  4  5  6  7  8  9 10 11 12 13 14 15 16 17 |
---------------+----------------------------------------------------+-----
Axes           | 3 4 5 6 7 10 11 12 13 14 15 17 18 19 | 19.0
Dodging        | 2 3 4 5 6 7 8 9 10 11 | 11.3
Armour         | 3 4 6 7 8 10 11 12 13 14 | 14.3
Fighting       | 4 5 6 7 9 10 11 12 13 14 | 14.5
Shields        | 3 5 6 8 9 10 12 | 12.8
Evocations     | 3 |  3.0

Action                   |  1- 3 |  4- 6 |  7- 9 | 10-12 | 13-15 | 16-18 || total
-------------------------+-------+-------+-------+-------+-------+-------++-------
Melee: Hand axe          |   104 |   165 |   404 |       |       |       ||   673
       Punch             |       |     1 |       |       |       |       ||     1
       War axe           |       |       |    37 |   458 |   211 |   456 ||  1162
       Flail             |       |       |       |    16 |       |       ||    16
       Broad axe         |       |       |       |       |   800 |   727 ||  1527
Throw: Dart              |       |       |     6 |     3 |    27 |       ||    36
Invok: Berserk           |     5 |     2 |    13 |     8 |     8 |     8 ||    44
       Trog's Hand       |       |       |     1 |     2 |     6 |     4 ||    13
       Brothers in Arms  |       |       |       |       |     2 |     1 ||     3
  Use: Scroll            |       |     2 |    12 |     6 |     8 |     7 ||    35
       Potion            |       |       |       |       |     3 |     3 ||     6
 Stab: Distracted        |       |       |       |       |     1 |       ||     1
       Petrifying        |       |       |       |       |     1 |       ||     1
Armor: Animal skin       |    43 |    11 |       |       |       |       ||    54
       Scale mail        |       |    73 |   199 |   255 |   509 |   234 ||  1270
       Chain mail        |       |       |       |       |       |   671 ||   671
Dodge: Dodged            |    83 |    73 |   179 |   222 |   442 |   557 ||  1556
Block: Buckler           |       |       |     7 |   107 |   294 |   116 ||   524
       Kite shield       |       |       |       |       |       |   467 ||   467
